 Dungeon Crawl Stone Soup version 0.30-a0-576-g89cddaab80 (webtiles) character file.

Game seed: 13856228167864120380

96 wormed the Covert (level 4, -3/41 HPs)
             Began as a Gnoll Delver on Dec 31, 2022.
             Slain by a gnoll
             ... wielding a +0 halberd
              (5 damage)
             ... on level 3 of the Dungeon.
             The game lasted 00:03:21 (1693 turns).

wormed the Covert (Gnoll Delver)                    Turns: 1693, Time: 00:03:22

Health: -3/41      AC:  3    Str: 12    XL:     4   Next: 67%
Magic:  5/5        EV: 13    Int:  9    God:
Gold:   159        SH:  0    Dex: 15    Spells: 5/5 levels left

rFire   . . .      SeeInvis +    j - +9 sling "Zotie" {heavy, Contam Will++ rCorr SInv}
rCold   . . .      Faith    .    (no shield)
rNeg    . . .      Spirit   .    b - +0 leather armour
rPois   .          Reflect  .    (no helmet)
rElec   .          Harm     .    l - scarf {shadows}
rCorr   +          Rampage  .    (no gloves)
Will    ++...                    (no boots)
Stlth   ++++                     (no amulet)
HPRegen 0.26/turn                (no ring)
MPRegen 0.09/turn                (no ring)

@: no status effects
A: fangs 1, strong nose, distributed training
a: no special abilities


You were on level 3 of the Dungeon.
You visited 1 branch of the dungeon, and saw 5 of its levels.

You collected 159 gold pieces.

Inventory:

Hand Weapons
 a - a +0 falchion
 j - the +9 sling "Zotie" (weapon) {heavy, Contam Will++ rCorr SInv}
   (You found it on level 2 of the Dungeon)

   Any ammunition fired from it deals dramatically more damage, but attacks with
   it are much slower.
   SInv:      It lets you see invisible.
   Contam:    It causes magical contamination when unequipped.
   rCorr:     It protects you from acid and corrosion.
   Will:      It greatly increases your willpower.
Armour
 b - a +0 leather armour (worn)
 l - a scarf of shadows (worn)
Jewellery
 u - a ring of willpower
Wands
 f - a wand of iceblast (5)
 g - a wand of digging (3)
Scrolls
 c - a scroll of fog
 d - a scroll of enchant armour {unknown}
 e - a scroll of fear
 k - a scroll of blinking {unknown}
 n - a scroll of noise {unknown}
 o - 2 scrolls of teleportation {unknown}
 r - a scroll of silence {unknown}
 s - a scroll of enchant weapon {unknown}
 t - a scroll of amnesia {unknown}
Potions
 h - 2 potions of flight {unknown}
 i - a potion of mutation {unknown}
 m - 2 potions of curing {unknown}
 p - 2 potions of attraction {unknown}
 q - a potion of degeneration {unknown}


   Skills:
 + Level 6.6 Fighting
 + Level 1.2 Short Blades
 + Level 4.7 Long Blades
 + Level 1.2 Axes
 + Level 1.2 Maces & Flails
 + Level 1.2 Polearms
 + Level 1.2 Staves
 + Level 1.2 Ranged Weapons
 + Level 1.2 Throwing
 + Level 1.2 Armour
 + Level 4.7 Dodging
 + Level 9.6 Stealth
 + Level 1.2 Shields
 + Level 1.2 Unarmed Combat
 + Level 1.2 Spellcasting
 + Level 1.0 Conjurations
 + Level 1.0 Hexes
 + Level 1.0 Summonings
 + Level 1.0 Necromancy
 + Level 1.0 Translocations
 + Level 1.0 Transmutations
 + Level 1.0 Fire Magic
 + Level 1.0 Ice Magic
 + Level 1.0 Air Magic
 + Level 1.0 Earth Magic
 + Level 1.0 Poison Magic
 + Level 1.4 Invocations
 + Level 1.2 Evocations


You had 5 spell levels left.
You didn't know any spells.
Your spell library was empty.

Dungeon Overview and Level Annotations

Branches:
Dungeon (5/15)
 Temple: D:4-7

Altars:
Fedhas

Annotations:
D:4 3 runed translucent doors, Farfigtubin's ghost, novice HOFi


Innate Abilities, Weirdness & Mutations

You have very sharp teeth.
Your uncanny sense of smell can sniff out nearby items.
Your experience applies equally to all skills.


Message History

Done exploring.
Done exploring.
Done exploring.
Done exploring.
Search for what [Enter for "."]? .
There is a stone staircase leading down here.
You climb downwards.
Found a stone staircase leading down and a stone staircase leading up.
There is a stone staircase leading up here.
An endoplasm comes into view.
An endoplasm is nearby!
You shoot a sling bullet. The endoplasm quivers.
The sling bullet hits the endoplasm!
You kill the endoplasm!
A sourceless malevolence fills the Dungeon... and a teleportation trap spontaneously manifests!
You are yanked towards some nearby monsters!
Your surroundings suddenly seem different. 3 gnolls come into view.
The gnoll shouts! x3
The gnoll closely misses you. x2
The gnoll misses you. The gnoll hits you with a +0 club.
The gnoll barely misses you.
The gnoll hits you from afar with a +0 halberd.
The gnoll hits you with a +0 whip. The gnoll barely misses you.
The gnoll hits you with a +0 whip.
Found a whip.
You shoot a sling bullet.
The sling bullet completely misses the gnoll.
The sling bullet barely misses the gnoll.
The gnoll misses you. The gnoll hits you with a +0 club.
The gnoll hits you with a +0 whip.
You shoot a sling bullet. The sling bullet hits the gnoll!
The gnoll is heavily wounded.
The gnoll hits you with a +0 club. The gnoll hits you with a +0 whip!
The gnoll hits you from afar with a +0 halberd!
* * * LOW HITPOINT WARNING * * *
The gnoll barely misses you.
The gnoll hits you from afar with a +0 halberd.
You die...

. .. ###### ...
#....# ....
#...g###.....
#....g@......
.......g.......
####............
#...........)
#............
#.....##.####
#####.# .# .#
... ....##


You could see 3 gnolls.

Vanquished Creatures
  3 adders (D:2)
  3 worms (D:2)
  2 dart slugs
  4 orcs (D:5)
  6 ball pythons (D:1)
  8 bats
  6 endoplasms
  2 goblins
  6 hobgoblins
  2 frilled lizards (D:2)
  3 kobolds (D:1)
  8 rats
53 creatures vanquished.

Notes
Turn   | Place    | Note
-------+----------+-------------------------------------------
     0 | D:5      | Reached skill level 9 in Stealth
     0 | D:5      | wormed the Gnoll Delver began the quest for the Orb.
     0 | D:5      | Reached XP level 1. HP: 23/23 MP: 1/1
    38 | D:5      | Noticed a hound
    89 | D:5      | Found a blossoming altar of Fedhas.
   101 | D:5      | Reached XP level 2. HP: 14/29 MP: 2/2
   268 | D:4      | Found a runed translucent gate.
   268 | D:4      | Found a runed translucent gate.
   268 | D:4      | Found a runed translucent gate.
   269 | D:4      | Noticed Farfigtubin's ghost (novice HOFi)
   342 | D:2      | Identified the +9 sling "Zotie" {heavy, Contam Will++ rCorr
                  | SInv}
   388 | D:1      | Reached XP level 3. HP: 35/35 MP: 3/3
   567 | D:1      | Reached skill level 1 in Invocations
  1012 | D:1      | Reached skill level 1 in Short Blades
  1012 | D:1      | Reached skill level 1 in Axes
  1012 | D:1      | Reached skill level 1 in Maces & Flails
  1012 | D:1      | Reached skill level 1 in Polearms
  1012 | D:1      | Reached skill level 1 in Staves
  1012 | D:1      | Reached skill level 1 in Ranged Weapons
  1012 | D:1      | Reached skill level 1 in Throwing
  1012 | D:1      | Reached skill level 1 in Armour
  1012 | D:1      | Reached skill level 1 in Shields
  1012 | D:1      | Reached skill level 1 in Unarmed Combat
  1012 | D:1      | Reached skill level 1 in Spellcasting
  1012 | D:1      | Reached skill level 1 in Evocations
  1194 | D:2      | Reached XP level 4. HP: 41/41 MP: 5/5
  1413 | D:2      | Reached skill level 1 in Conjurations
  1413 | D:2      | Reached skill level 1 in Hexes
  1413 | D:2      | Reached skill level 1 in Summonings
  1413 | D:2      | Reached skill level 1 in Necromancy
  1413 | D:2      | Reached skill level 1 in Translocations
  1413 | D:2      | Reached skill level 1 in Transmutations
  1413 | D:2      | Reached skill level 1 in Fire Magic
  1413 | D:2      | Reached skill level 1 in Ice Magic
  1413 | D:2      | Reached skill level 1 in Air Magic
  1413 | D:2      | Reached skill level 1 in Earth Magic
  1413 | D:2      | Reached skill level 1 in Poison Magic
  1693 | D:3      | HP: 2/41 [gnoll/+0 halberd (11)]
  1693 | D:3      | Slain by a gnoll

Illustrated notes

Levels and vault maps discovered:
D:1:      arrival_aquarium_a, layout_basic, amcnicky_mini_corridor_feature
D:2:      layout_loops_ring
D:3:      layout_basic, serial_shops, nicolae_lakefront_shop
D:4:      layout_basic, nicolae_ashenzari_panopticon, gammafunk_ghost_necromancy
D:5:      layout_loops_cross, fedhas_altar_2, minmay_misc_feat_iff,
          hangedman_abyss_or_decor_lesser_grid

Skill      XL: |  1  2  3  4 |
---------------+-------------+-----
Stealth        | |  9.6
Invocations    | 1 |  1.4
Short Blades   | 1 |  1.2
Axes           | 1 |  1.2
Maces & Flails | 1 |  1.2
Polearms       | 1 |  1.2
Staves         | 1 |  1.2
Ranged Weapons | 1 |  1.2
Throwing       | 1 |  1.2
Armour         | 1 |  1.2
Shields        | 1 |  1.2
Unarmed Combat | 1 |  1.2
Spellcasting   | 1 |  1.2
Evocations     | 1 |  1.2
Conjurations   | 1 |  1.0
Hexes          | 1 |  1.0
Summonings     | 1 |  1.0
Necromancy     | 1 |  1.0
Translocations | 1 |  1.0
Transmutations | 1 |  1.0
Fire Magic     | 1 |  1.0
Ice Magic      | 1 |  1.0
Air Magic      | 1 |  1.0
Earth Magic    | 1 |  1.0
Poison Magic   | 1 |  1.0
Fighting       | |  6.6
Long Blades    | |  4.7
Dodging        | |  4.7

Action                   |  1- 3 |  4- 6 || total
-------------------------+-------+-------++-------
Melee: Falchion          |    31 |       ||    31
       Bite              |     5 |       ||     5
       Punch             |     1 |       ||     1
 Fire: Sling             |    52 |    17 ||    69
  Use: Scroll            |     1 |       ||     1
       Potion            |     1 |       ||     1
 Stab: Sleeping          |     3 |       ||     3
Armor: Leather armour    |     5 |       ||     5
Dodge: Dodged            |    33 |     7 ||    40

Table legend: (Time is in decaauts)
 A = Elapsed time spent in this place.
 B = Non-inter-level travel time spent in this place.
 C = Inter-level travel time spent in this place.
 D = Time resting spent in this place.
 E = Time spent auto-exploring this place.
 F = Levels seen in this place.
 G = Mean time per level.
                   A        B        C        D        E       F      G
               +--------+--------+--------+--------+--------+-----+--------+
         Total |   1745 |   1644 |    101 |      0 |   1174 |   5 |  349.0 |
       Dungeon |   1745 |   1644 |    101 |      0 |   1174 |   5 |  349.0 |
               +--------+--------+--------+--------+--------+-----+--------+

Top non-repeatable levels by time:
     D:1: 747 daAuts
     D:2: 705 daAuts
     D:4: 141 daAuts
     D:5: 132 daAuts
     D:3: 18 daAuts
